 Dungeon Crawl Stone Soup version 0.23.2-1-ga50397a6bc (webtiles) character file.

Game seed: 1079373267940021176

421 Belius the Cudgeler (level 7, -1/54 HPs)
             Began as a Human Fighter on Apr 20, 2019.
             Was an Initiate of Zin.
             Slain by an ogre
             ... wielding a +0 giant spiked club
              (22 damage)
             ... on level 4 of the Dungeon.
             The game lasted 00:06:21 (3401 turns).

Belius the Cudgeler (Human Fighter)                 Turns: 3401, Time: 00:06:21

Health: -1/54      AC: 10    Str: 18    XL:     7   Next: 16%
Magic:  7/7        EV:  7    Int:  8    God:    Zin [......]
Gold:   74         SH: 10    Dex: 13    Spells: 6/6 levels left

rFire    . . .     SeeInvis .   a - +0 flail
rCold    . . .     Gourm    .   c - +1 shield
rNeg     . . .     Faith    .   b - +0 scale mail
rPois    .         Spirit   .   j - +2 helmet
rElec    .         Reflect  .   (no cloak)
rCorr    .         Harm     .   (no gloves)
MR       .....                  (no boots)
Stlth    ..........             (no amulet)
HPRegen  0.18/turn              (no ring)
MPRegen  0.10/turn              (no ring)

@: no status effects
A: no striking features
a: Donate Gold, Renounce Religion


You were on level 4 of the Dungeon.
You worshipped Zin.
Zin was noncommittal.
You were not hungry.

You visited 1 branch of the dungeon, and saw 4 of its levels.

You collected 82 gold pieces.
You donated 8 gold pieces to Zin.

Inventory:

Hand Weapons
 a - a +0 flail (weapon)
Armour
 b - a +0 scale mail (worn)
 c - a +1 shield (worn)
 j - a +2 helmet (worn)
Jewellery
 o - an uncursed ring of protection from fire {unknown}
Wands
 m - a wand of digging (6)
Scrolls
 d - a scroll of amnesia {unknown}
 g - 2 scrolls of remove curse
 h - a scroll of blinking {unknown}
 k - 2 scrolls of enchant armour
 p - 2 scrolls of random uselessness {unknown}
Potions
 e - 2 potions of heal wounds
 l - a potion of lignification {unknown}
 n - a potion of curing {unknown}
Comestibles
 f - 5 rations
 i - 2 chunks of flesh


   Skills:
 + Level 4.0 Fighting
 + Level 5.0 Maces & Flails
 + Level 4.1 Armour
 + Level 0.2 Stealth
 + Level 4.3 Shields


You had 6 spell levels left.
You didn't know any spells.
Your spell library was empty.

Dungeon Overview and Level Annotations

Branches:
Dungeon (4/15)
 Temple: D:4-7

Altars:
Zin


Message History

The ogre hits you with a +0 giant spiked club.
You barely miss the ogre. The ogre hits you but does no damage.
You hit the ogre.
The ogre is lightly wounded.
The ogre completely misses you.
You hit the ogre.
The ogre is lightly wounded.
You block the ogre's attack.
You sock the ogre!
The ogre is heavily wounded.
The ogre hits you with a +0 giant spiked club!!
You closely miss the ogre.
The ogre is heavily wounded.
You hit the ogre but do no damage.
The ogre is heavily wounded.
The ogre hits you with a +0 giant spiked club!
You hit the ogre.
The ogre is severely wounded.
The ogre hits you with a +0 giant spiked club!!
You die...

####.############ #.# ##.##
#.......# ###.###
##...###.......# #.....#
##...(.##.......####.###.....
#.......#............# .###+
##.....##..........!.###.#
##...###........##......#
##.## #.......O##......+ #.#
########@##....#.# #.######
###.##.#..#.# . #......#
#.........#.# #+###. #.####.#
#.####.##.#.###.....
#.####.####.####......##......
#........(.....#.##.#.#.#...##
#.####.####.##.......#.###....
#.####.# #.####.###....#...#.
#......# #...[..# #...#.....#


You could see an ogre.

Vanquished Creatures
  An ogre (D:4)
  A hound (D:4)
  A centaur skeleton (D:4)
  An iguana (D:4)
  2 worker ants
  6 gnolls (D:2)
  7 adders
  An ooze (D:2)
  4 worms (D:2)
  3 dart slugs
  A leopard gecko (D:3)
  An orc (D:3)
  3 giant cockroaches (D:1)
  5 goblins
  12 hobgoblins
  5 kobolds
  16 bats
  6 frilled lizards
  6 rats
82 creatures vanquished.

Notes
Turn   | Place    | Note
-------+----------+-------------------------------------------
     0 | D:1      | Belius the Human Fighter began the quest for the Orb.
     0 | D:1      | Reached XP level 1. HP: 18/18 MP: 1/1
   308 | D:1      | Reached XP level 2. HP: 24/24 MP: 2/2
   618 | D:1      | Reached XP level 3. HP: 29/29 MP: 3/3
  1165 | D:2      | Found a faded altar of an unknown god.
  1196 | D:2      | Reached XP level 4. HP: 30/35 MP: 4/4
  1302 | D:2      | Found a glowing silver altar of Zin.
  1305 | D:2      | Became a worshipper of Zin the Law-Giver
  1362 | D:2      | Reached skill level 3 in Maces & Flails
  1697 | D:2      | Reached XP level 5. HP: 25/41 MP: 5/5
  2545 | D:3      | Reached skill level 4 in Maces & Flails
  2545 | D:3      | Reached XP level 6. HP: 47/47 MP: 6/6
  2806 | D:4      | Noticed an ogre
  2998 | D:4      | Killed an ogre
  3306 | D:4      | Reached XP level 7. HP: 53/53 MP: 7/7
  3340 | D:4      | Reached skill level 5 in Maces & Flails
  3401 | D:4      | Slain by an ogre

Skill      XL: |  1  2  3  4  5  6  7 |
---------------+----------------------+-----
Maces & Flails | 3 4 5 |  5.0
Shields        | 4 |  4.3
Armour         | 4 |  4.1
Fighting       | 4 |  4.0
Stealth        | |  0.2

Action                   |  1- 3 |  4- 6 |  7- 9 || total
-------------------------+-------+-------+-------++-------
Melee: Flail             |   130 |   199 |    32 ||   361
  Use: Scroll            |       |     4 |       ||     4
       Potion            |       |     1 |       ||     1
  Eat: Chunk             |       |     8 |     1 ||     9
Armor: Scale mail        |    77 |   109 |    19 ||   205
Dodge: Dodged            |    36 |    66 |    10 ||   112
Block: Shield            |    80 |   110 |    19 ||   209
